 Dungeon Crawl Stone Soup version 0.29.1-1-gd02db6906a (webtiles) character file.

Game seed: 3060260212117829482

10601 quakins the Fighter (level 11, -1/117 HPs)
             Began as a Troll Transmuter on Oct 22, 2022.
             Was a Believer of Ru.
             Slain by an ice beast (8 damage)
             ... summoned by Fannar
             ... on level 11 of the Dungeon.
             The game lasted 00:21:46 (10174 turns).

quakins the Fighter (Troll Transmuter)             Turns: 10174, Time: 00:21:46

Health: -1/117     AC:  7    Str: 24    XL:     11   Next: 38%
Magic:  23/23      EV:  9    Int:  9    God:    Ru [**....]
Gold:   492        SH:  0    Dex: 10    Spells: 11/17 levels left

rFire   . . .      SeeInvis .     - Unarmed
rCold   . . .      Faith    .   (no shield)
rNeg    . . .      Spirit   .   I - +0 troll leather armour
rPois   .          Reflect  .   (helmet currently unavailable)
rElec   .          Harm     .   u - +0 cloak
rCorr   .          Rampage  .   (gloves unavailable)
Will    .....                   (boots unavailable)
Stlth   ..........              (no amulet)
HPRegen 1.89/turn               q - ring of flight
MPRegen 0.18/turn               E - ring of magical power

@: appendages (expiring), flying
A: horns 2, talons 2, large, unfitting armour, claws 3, low MP 1, regeneration
1, shaggy fur 1, tough skin 1, no potion heal 1, no stealth, no fire magic, no
hexes magic, no necromancy magic
a: End Transformation, Renounce Religion


You were on level 11 of the Dungeon.
You worshipped Ru.
Ru was pleased with you.
You had temporarily grown beastly horns and talons.
You visited 1 branch of the dungeon, and saw 11 of its levels.

You collected 492 gold pieces.

Inventory:

Missiles
 e - 2 datura-tipped darts
 f - 2 silver boomerangs
 g - 20 poisoned darts (quivered)
 F - 10 stones
 G - a throwing net
Armour
 u - a +0 cloak (worn)
 C - a +2 hat (melded)
 I - a +0 troll leather armour (worn)
Jewellery
 q - a ring of flight (left claw)
 E - a ring of magical power (right claw)
Scrolls
 d - a scroll of torment
 i - 2 scrolls of amnesia
 k - a scroll of blinking
 n - 6 scrolls of teleportation
 p - 5 scrolls of identify
 w - 2 scrolls of immolation
 x - 2 scrolls of enchant weapon
 y - a scroll of magic mapping
 z - a scroll of fear
 B - 2 scrolls of butterflies
 D - a scroll of enchant armour {unknown}
 H - 3 scrolls of vulnerability {unknown}
Potions
 a - 3 potions of degeneration {unknown}
 b - 2 potions of mutation {unknown}
 c - a potion of haste {unknown}
 h - 3 potions of curing
 j - 2 potions of invisibility {unknown}
 l - 3 potions of attraction
 m - 2 potions of might {unknown}
 o - a potion of magic {unknown}
 r - a potion of berserk rage {unknown}
 s - a potion of flight {unknown}
 t - 3 potions of brilliance {unknown}
 v - 4 potions of heal wounds {unknown}
 A - 2 potions of cancellation {unknown}
 J - a potion of ambrosia {unknown}


   Skills:
 - Level 10.0 Fighting
 - Level 1.5 Dodging
 - Level 8.0 Unarmed Combat
 + Level 3.9 Spellcasting
 - Level 8.0 Transmutations


You had 11 spell levels left.
You knew the following spells:

 Your Spells              Type           Power      Damage    Failure   Level
a - Beastly Appendage     Tmut           32%        N/A       1%          1
b - Wereblood             Tmut           16%        N/A       1%          2
c - Spider Form           Tmut/Pois      8%         N/A       19%         3

Your spell library contained the following spells:

 Spells                   Type           Power      Damage    Failure   Level
 Ice Form                 Ice/Tmut       8%         N/A       52%         4
 Airstrike                Air            0%         2d(1-17)  97%         4
 Summon Lightning Spire   Summ/Air       1%         N/A       97%         4
 Lightning Bolt           Conj/Air       0%         1d11      100%        5


Dungeon Overview and Level Annotations

Branches:
Dungeon (11/15)            Temple (0/1) D:7
   Lair: D:8-11         Orc: D:9-12

Altars:
Qazlal
Ru
Sif Muna
Zin

Shops:
D:2 [   D:4 *

Portals:
Trove: D:10 (give +7 demon trident)

Annotations:
D:11 Fannar


Innate Abilities, Weirdness & Mutations

You have temporarily grown beastly horns and talons.
You are too large for most types of armour.
You have claws for hands.
Your magical capacity is low. (-10% MP)
Your natural rate of healing is unusually fast.
You are covered in fur. (AC +1)
You have tough skin. (AC +1)
Potions are less effective at restoring your health.
You cannot be stealthy.
You cannot study or cast Fire magic.
You cannot study or cast Hexes magic.
You cannot study or cast Necromancy magic.


Message History

You scratch Fannar but do no damage. Your kick misses Fannar.
Your headbutt misses Fannar.
Fannar is moderately wounded.
Your transformation is almost over.
Fannar hits you but does no damage.
The ice beast hits you but does no damage.
You barely miss Fannar. Your kick misses Fannar. Your headbutt misses Fannar.
Fannar is moderately wounded.
Fannar closely misses you.
You barely miss Fannar. Your headbutt misses Fannar.
Fannar is moderately wounded.
The ice beast hits you. The ice beast freezes you!
You claw Fannar!
Fannar is moderately wounded.
Fannar hits you but does no damage. The ice beast closely misses you.
You miss Fannar. Your kick misses Fannar. You headbutt Fannar!
Fannar is heavily wounded.
Fannar hits you with a +0 quarterstaff of freezing!
* * * LOW HITPOINT WARNING * * *
Fannar freezes you.
* * * LOW HITPOINT WARNING * * *
The ice beast hits you but does no damage.
You scratch Fannar but do no damage.
Fannar is heavily wounded.
Fannar hits you with a +0 quarterstaff of freezing!
* * * LOW HITPOINT WARNING * * *
Fannar freezes you.
* * * LOW HITPOINT WARNING * * *
The ice beast hits you but does no damage.
You scratch Fannar but do no damage. Your kick misses Fannar.
Fannar is heavily wounded.
The ice beast stops glowing.
Fannar hits you with a +0 quarterstaff of freezing!
* * * LOW HITPOINT WARNING * * *
Fannar freezes you.
* * * LOW HITPOINT WARNING * * *
The ice beast hits you.
* * * LOW HITPOINT WARNING * * *
The ice beast freezes you!
You die...

#.#... ..(..# #.(..#
#....# #....# #
#.(..# #[ #.e..#
############..#.@Y^#
...................#
...#############...#
.......##..........#
......)..<##########
.......##.#
#########.# #.# #.#


You could see Fannar and an ice beast (summoned).

Vanquished Creatures
  Erica (D:10)
  Urug (D:11)
  An ugly thing (D:11)
  2 cyclopes (D:11)
  A komodo dragon (D:10)
  An unseen horror (D:10)
  2 trolls (D:10)
  Grinder (D:4)
  The ghost of firemarshallily the Covert, an amateur GnWn of Fedhas (D:5)
  Prince Ribbit (D:6)
  A shadow (D:10)
  A wraith (D:10)
  2 wyverns
  12 yaks
  A basilisk (D:10)
  Eustachio (D:6)
  A water moccasin (D:11)
  An ogre (D:6)
  3 orc warriors
  5 ice beasts
  2 black bears
  2 centaurs
  Blork the orc (D:6)
  2 gnoll sergeants
  2 necrophages
  3 bullfrogs
  A scorpion (D:6)
  10 wights
  18 killer bees
  Crazy Yiuf (D:2)
  4 hounds
  A jelly (D:8)
  9 orc priests
  4 iguanas
  6 orc wizards
  Robin (D:2)
  8 gnolls
  11 adders
  A shadow imp (D:6)
  2 white imps
  3 dart slugs
  35 orcs
  8 endoplasms
  2 giant cockroaches
  11 goblins
  8 hobgoblins
  3 jackals (D:1)
  6 quokkas
  8 ball pythons
  6 bats
  5 frilled lizards
  6 kobolds
  6 rats
236 creatures vanquished.

Vanquished Creatures (others)
  A bush (D:11)
  2 fungi (D:11)
  16 plants
19 creatures vanquished.

Grand Total: 255 creatures vanquished

Notes
Turn   | Place    | Note
-------+----------+-------------------------------------------
     0 | D:1      | quakins the Troll Transmuter began the quest for the Orb.
     0 | D:1      | Reached XP level 1. HP: 18/18 MP: 1/1
    74 | D:1      | Reached XP level 2. HP: 24/26 MP: 2/2
   240 | D:1      | Reached XP level 3. HP: 32/32 MP: 3/3
   634 | D:2      | Found a glowing silver altar of Zin.
   705 | D:2      | Noticed Robin
   767 | D:3      | Reached XP level 4. HP: 29/40 MP: 4/4
   771 | D:3      | Reached skill level 5 in Unarmed Combat
  1051 | D:3      | Noticed a shining eye
  1052 | D:3      | Found a faded altar of an unknown god.
  1057 | D:3      | Noticed a shining eye
  1065 | D:3      | Noticed a floating eye
  1068 | D:3      | Noticed a golden eye
  1091 | D:3      | Prayed at the altar of an unknown god.
  1091 | D:3      | Became a worshipper of Ru the Awakened
  1103 | D:3      | Gained mutation: Your magical capacity is low. (-10% MP)
                  | [Ru sacrifice]
  1375 | D:2      | Reached XP level 5. HP: 46/46 MP: 5/5
  1531 | D:2      | Found Zeclese's Armour Emporium.
  1558 | D:2      | Killed Robin
  1689 | D:2      | Found a runed translucent door.
  1690 | D:2      | Noticed Crazy Yiuf
  1952 | D:2      | Killed Crazy Yiuf
  2120 | D:4      | Reached XP level 6. HP: 51/54 MP: 6/6
  2319 | D:4      | Found Lsalar's Luxury Loot.
  2421 | D:4      | Noticed an air elemental
  2422 | D:4      | Found a stormy altar of Qazlal.
  2424 | D:4      | Noticed a fire elemental
  2424 | D:4      | Noticed a water elemental
  2526 | D:4      | Noticed Grinder
  2538 | D:4      | Killed Grinder
  2539 | D:4      | Reached skill level 1 in Fighting
  2539 | D:4      | Reached XP level 7. HP: 62/62 MP: 6/6
  2905 | D:5      | Entered Level 5 of the Dungeon
  2955 | D:5      | Reached skill level 2 in Fighting
  3094 | D:5      | Found a runed translucent gate.
  3095 | D:5      | Noticed firemarshallily's ghost (amateur GnWn)
  3130 | D:5      | Gained mutation: You cannot study or cast Fire magic. [Ru
                  | sacrifice]
  3130 | D:5      | Gained mutation: You cannot study or cast Hexes magic. [Ru
                  | sacrifice]
  3130 | D:5      | Gained mutation: You cannot study or cast Necromancy magic.
                  | [Ru sacrifice]
  3130 | D:5      | Reached * piety under Ru
  3134 | D:5      | Learned a level 2 spell: Wereblood
  3215 | D:5      | Found a runed translucent gate.
  3215 | D:5      | Identified the +7 short sword of the Arena {flame, *Corrode
                  | rPois rN++ MP+9}
  3216 | D:5      | Found a runed translucent gate.
  3227 | D:5      | Reached skill level 3 in Fighting
  3826 | D:6      | Reached skill level 4 in Fighting
  3931 | D:6      | Noticed Eustachio
  3933 | D:6      | Noticed Blork the orc
  3933 | D:6      | Noticed Prince Ribbit
  3999 | D:7      | Reached XP level 8. HP: 44/79 MP: 7/7
  4062 | D:7      | Identified the +4 trident of Iwkanwes {vamp, rPois rF+
                  | Int+2 Dex-2}
  4073 | D:7      | Found a staircase to the Ecumenical Temple.
  4088 | D:7      | Reached skill level 5 in Fighting
  4268 | D:7      | Reached skill level 6 in Fighting
  4279 | D:7      | HP: 4/121 [wight/+3 spear (5)]
  4518 | D:7      | Reached skill level 7 in Fighting
  4603 | D:7      | HP: 2/87 [killer bee (6)]
  4700 | D:7      | Identified the +1 leather armour of Light {rPois rF+ MP+9
                  | Dex+3}
  5121 | D:6      | Reached XP level 9. HP: 72/94 MP: 8/8
  5340 | D:6      | Reached skill level 8 in Fighting
  5539 | D:6      | Killed Blork the orc
  5656 | D:6      | Killed Eustachio
  5819 | D:6      | Killed Prince Ribbit
  5820 | D:6      | Reached skill level 9 in Fighting
  5909 | D:5      | Gained mutation: Potions are less effective at restoring
                  | your health. [Ru sacrifice]
  5909 | D:5      | Reached ** piety under Ru
  6096 | D:5      | Killed firemarshallily's ghost
  6313 | D:8      | Reached skill level 10 in Fighting
  6825 | D:9      | Reached XP level 10. HP: 99/110 MP: 9/9
  7673 | D:9      | Reached skill level 5 in Transmutations
  8500 | D:10     | Entered Level 10 of the Dungeon
  8501 | D:10     | Found a portal to a secret trove of treasure.
  8542 | D:10     | Noticed Erica
  8576 | D:10     | Killed Erica
  8875 | D:10     | Gained mutation: You cannot be stealthy. [Ru sacrifice]
  9108 | D:10     | Found a shimmering blue altar of Sif Muna.
  9109 | D:10     | Found a glowing silver altar of Zin.
  9366 | D:10     | Reached XP level 11. HP: 104/117 MP: 10/10
  9384 | D:10     | Learned a level 3 spell: Spider Form
  9702 | D:11     | Noticed a white ugly thing
  9714 | D:11     | Killed a white ugly thing
  9859 | D:11     | Noticed Urug
 10074 | D:11     | Killed Urug
 10149 | D:11     | Noticed Fannar
 10174 | D:11     | Slain by an ice beast

Illustrated notes

Levels and vault maps discovered:
D:1:      dpeg_arrival_rooms_a, layout_loops_ring, minmay_octomino_e4
D:2:      layout_basic, serial_shops, shop, basic_altar,
          chequers_serial_rivers_micro_b, uniq_robin, uniq_crazy_yiuf_cottage
D:3:      layout_rooms, hellmonk_ecumenical_altar_watching_god,
          serial_bayou_lagoon_b
D:4:      wad_pebble_path, layout_loops_corners,
          nicolae_qazlal_style_of_elements, nicolae_alphabet_shops,
          chequers_serial_rivers_micro_c, uniq_grinder
D:5:      layout_basic, biasface_ghost_orc_armoury
D:6:      layout_basic, minmay_misc_feat_more_columns, sword_in_stone,
          uniq_prince_ribbit1
D:7:      layout_basic, minmay_temple_entry_mini_moons
D:8:      layout_rooms
D:9:      layout_stronghold
D:10:     layout_gridville, mainiacjoe_overflow_divided_tiny, enter_trove_2,
          uniq_erica
D:11:     layout_basic, minmay_lair_entry_grove, nicolae_looking_at_the_future,
          uniq_fannar, uniq_urug

Skill      XL: |  1  2  3  4  5  6  7  8  9 10 11 |
---------------+----------------------------------+-----
Unarmed Combat | 4 5 6 8 |  8.0
Fighting       | 1 4 7 10 | 10.0
Transmutations | 3 7 8 |  8.0
Spellcasting   | 3 |  3.9
Dodging        | |  1.5

Action                   |  1- 3 |  4- 6 |  7- 9 | 10-12 || total
-------------------------+-------+-------+-------+-------++-------
Melee: Unarmed           |   110 |   135 |   295 |   287 ||   827
       Punch             |     1 |     6 |    10 |    11 ||    28
       Kick              |       |       |       |     4 ||     4
       Headbutt          |       |       |       |     2 ||     2
Throw: Dart              |       |       |       |     9 ||     9
 Cast: Beastly Appendage |       |       |       |     2 ||     2
Invok: Sacrifice Essence |       |     1 |       |       ||     1
       Sacrifice Arcana  |       |       |     1 |       ||     1
       Sacrifice Purity  |       |       |     1 |       ||     1
       Sacrifice Stealth |       |       |       |     1 ||     1
Evoke: Wand              |       |       |       |     6 ||     6
  Use: Scroll            |       |     2 |     8 |     1 ||    11
       Potion            |       |     1 |     7 |       ||     8
 Stab: Invisible         |       |       |       |     6 ||     6
Armor: Robe              |    43 |    41 |    76 |    58 ||   218
       Skin              |       |     3 |    18 |       ||    21
       Troll leather arm |       |       |       |    33 ||    33
Dodge: Dodged            |    64 |    53 |   123 |   134 ||   374
